 Seeded DCSS version 0.30.1-4-g462c640d31 (webtiles) character file.

Game seed: 6351066067085065685 (custom seed)

93 Esekla the Magician (level 4, -5/24 HPs)
             Began as a Deep Elf Wanderer on Sept 13, 2023.
             Was a Follower of Vehumet.
             Slain by a gnoll
             ... wielding a +0 flail
              (12 damage)
             ... on level 2 of the Dungeon.
             The game lasted 00:15:30 (1922 turns).

Esekla the Magician (Deep Elf Wanderer)             Turns: 1922, Time: 00:15:30

Health: -5/24      AC:  4    Str: 11    XL:     4   Next: 37%
Magic:  5/13       EV: 11    Int: 20    God:    Vehumet [*.....]
Gold:   187        SH:  4    Dex: 11    Spells: 4/14 levels left

rFire   . . .        a - +1 short sword (freeze)
rCold   . . .        d - +0 buckler
rNeg    . . .        c - +0 robe
rPois   .            k - +0 helmet
rElec   .            (no cloak)
rCorr   .            j - +0 pair of gloves
SInv    .            (no boots)
Will    .....        (no amulet)
Stlth   ++           (no ring)
HPRegen 0.24/turn    (no ring)
MPRegen 0.13/turn

%: no passive effects
@: very slightly contaminated
A: no striking features
a: Renounce Religion


You were on level 2 of the Dungeon.
You worshipped Vehumet.
Vehumet was aware of your devotion.
You visited 1 branch of the dungeon, and saw 4 of its levels.

You collected 187 gold pieces.

Inventory:

Hand Weapons
 a - a +1 short sword of freezing (weapon)
 r - a +0 spear
Missiles
 s - 6 poisoned darts (quivered)
Armour
 c - a +0 robe (worn)
 d - a +0 buckler (worn)
 j - a +0 pair of gloves (worn)
 k - a +0 helmet (worn)
Wands
 t - a wand of roots (7)
Scrolls
 g - 3 scrolls of identify {unknown}
 m - 2 scrolls of enchant weapon {unknown}
 n - a scroll of amnesia {unknown}
 o - a scroll of enchant armour {unknown}
 q - a scroll of fog {unknown}
Potions
 b - a potion of lignification
 e - a potion of ambrosia {unknown}
 f - 2 potions of curing {unknown}
 h - a potion of heal wounds {unknown}
 i - 2 potions of attraction {unknown}
 l - a potion of mutation {unknown}
 p - 2 potions of brilliance {unknown}


   Skills:
 + Level 0.7 Short Blades
 * Level 1.6 Dodging
 + Level 1.3 Stealth
 + Level 1.6 Shields
 * Level 5.7 Spellcasting
 + Level 1.0 Conjurations
 * Level 1.6 Necromancy
 + Level 2.4 Translocations
 + Level 1.0 Invocations


You had 4 spell levels left.
You knew the following spells:

 Your Spells              Type           Power      Damage    Failure   Level
a - Magic Dart            Conj           40%        1d5       10%         1
b - Blink                 Tloc           30%        N/A       9%          2
d - Vampiric Draining     Necr           12%        2d6       24%         3
p - Apportation           Tloc           30%        N/A       6%          1
t - Teleport Other        Tloc           15%        N/A       17%         3

Your spell library contained the following spells:

 Spells                   Type           Power      Damage    Failure   Level
 Shock                    Conj/Air       28%        1d4       13%         1
 Lesser Beckoning         Tloc           30%        N/A       9%          2
 Gell's Gravitas          Tloc           15%        N/A       17%         3
 Ignite Poison            Fire/Tmut/Pois 5%         N/A       43%         3


Dungeon Overview and Level Annotations

Branches:
Dungeon (4/15)
 Temple: D:4-7

Altars:
Okawaru
Vehumet
Zin

Shops:
D:2 =   D:4 (


Message History

You barely miss the gnoll.
The gnoll hits you from afar with a +0 spear.
Casting: Vampiric Draining (extremely dangerous; 24% risk of failure)
Confirm with . or Enter, or press ? or * to list all spells.
The spell is extremely dangerous to miscast (24% risk of failure)!
Continue anyway?
Aiming: Vampiric Draining (extremely dangerous; 24% risk of failure)
Press: ? - help, Shift-Dir - straight line, f/p - gnoll
Aim: a gnoll, wielding a +0 flail You draw life force from the gnoll.
You feel life coursing into your body. The gnoll barely misses you.
The gnoll hits you but does no damage. The gnoll attacks as you move away!
The gnoll hits you with a +0 flail. The gnoll attacks as you move away!
The gnoll closely misses you.
Casting: Vampiric Draining (extremely dangerous; 24% risk of failure)
Confirm with . or Enter, or press ? or * to list all spells.
The spell is extremely dangerous to miscast (24% risk of failure)!
Continue anyway?
Aiming: Vampiric Draining (extremely dangerous; 24% risk of failure)
Press: ? - help, Shift-Dir - straight line, f - gnoll, p - gnoll
Aim: a gnoll, wielding a +0 club (almost dead)
You miscast Vampiric Draining.
You are very lightly contaminated with residual magic.
Nothing appears to happen.
The gnoll barely misses you.
The gnoll hits you from afar with a +0 spear!
The gnoll hits you with a +0 club.
Casting: Vampiric Draining (extremely dangerous; 24% risk of failure)
Confirm with . or Enter, or press ? or * to list all spells.
The spell is extremely dangerous to miscast (24% risk of failure)!
Continue anyway?
Aiming: Vampiric Draining (extremely dangerous; 24% risk of failure)
Press: ? - help, Shift-Dir - straight line, f/p - gnoll
Aim: a gnoll, wielding a +0 club (almost dead)
You draw life force from the gnoll.
You kill the gnoll!
Vehumet accepts your kill.
You feel your power returning.
You feel life coursing into your body. You block the gnoll's attack.
The gnoll hits you from afar with a +0 spear.
* * * LOW HITPOINT WARNING * * *
Your Conjurations skill increases to level 1!
The gnoll attacks as you move away! The gnoll hits you with a +0 flail!
Ouch! That really hurt!
You die...

#.#..# #.# #....#####.##
............#
#.#...####..#
#.##........#
#.##..#####.#
#.##..#####.###
######(##<.........#
#...()@##....h...).# #
#.####g##.######.#.####
#....g..#..............
####.#####.########.#.####
#....#8.8#....# #.#.# #
#.8###...###8.#####.#.# #
#..'..._...+......†.#.# #
#.8###...###8.#.#####.# #
#....#8.8#......# #.# #


You could see 2 gnolls.

Vanquished Creatures
  An iguana (D:2)
  A gnoll (D:2)
  2 adders (D:2)
  A dart slug (D:1)
  5 ball pythons (D:1)
  4 endoplasms
  8 goblins
  2 hobgoblins
  A quokka (D:1)
  4 bats
  4 frilled lizards
  5 kobolds
  A rat (D:2)
39 creatures vanquished.

Notes
Turn   | Place    | Note
-------+----------+-------------------------------------------
     0 | D:1      | Esekla the Deep Elf Wanderer began the quest for the Orb.
     0 | D:1      | Esekla set off with the following items: a +0 club, a
                  | potion of lignification, a +0 robe, a +0 buckler; and the
                  | following spells available to memorise: Apportation, Blink,
                  | Lesser Beckoning, Magic Dart, Ignite Poison, Vampiric
                  | Draining.
     0 | D:1      | Reached XP level 1. HP: 10/10 MP: 7/7
     2 | D:1      | Learned a level 1 spell: Magic Dart
     4 | D:1      | Learned a level 1 spell: Apportation
   355 | D:4      | Found a radiant altar of Vehumet.
   359 | D:4      | Became a worshipper of Vehumet
   374 | D:4      | Found an iron altar of Okawaru.
   385 | D:4      | Found a glowing silver altar of Zin.
   584 | D:4      | Found Ponaysk's Antique Weapon Boutique.
   751 | D:3      | Reached XP level 2. HP: 15/15 MP: 9/9
   754 | D:3      | Learned a level 2 spell: Blink
   923 | D:2      | Noticed a black bear
  1028 | D:1      | Reached skill level 5 in Spellcasting
  1163 | D:1      | Reached skill level 1 in Necromancy
  1313 | D:1      | Reached XP level 3. HP: 19/19 MP: 5/11
  1317 | D:1      | Learned a level 3 spell: Vampiric Draining
  1332 | D:1      | Reached * piety under Vehumet
  1332 | D:1      | Offered knowledge of Shock by Vehumet.
  1357 | D:1      | Learned a level 3 spell: Teleport Other
  1479 | D:2      | Found Renulab's Jewellery Shop.
  1487 | D:2      | Reached skill level 1 in Dodging
  1808 | D:2      | Reached XP level 4. HP: 12/24 MP: 2/13
  1831 | D:2      | Found a faded altar of an unknown god.
  1922 | D:2      | Reached skill level 1 in Conjurations
  1922 | D:2      | Slain by a gnoll

Illustrated notes

Levels and vault maps discovered:
D:1:      sevenhm_arrival_forest_fort_small_3, layout_rooms,
          chequers_serial_rivers_room_b, minmay_misc_feat_five
D:2:      layout_loops_ring, dreamdust_ecumenical_altar_angels_and_demons,
          serial_shops, shop
D:3:      layout_basic, grunt_temple_overflow_open, minmay_misc_feat_iff
D:4:      layout_basic, nicolae_overflow_quartered_altars, serial_shops,
          nicolae_diamond_shop

Skill      XL: |  1  2  3  4 |
---------------+-------------+-----
Spellcasting   | 5 |  5.7
Necromancy     | 1 |  1.6
Dodging        | 1 |  1.6
Conjurations   | 1 |  1.0
Short Blades   | |  0.7
Stealth        | |  1.3
Shields        | |  1.6
Translocations | |  2.4
Invocations    | |  1.0

Action                     |  1- 3 |  4- 6 || total
---------------------------+-------+-------++-------
  Melee: Short sword       |    76 |     7 ||    83
  Throw: Dart              |       |     3 ||     3
   Cast: Apportation       |    26 |       ||    26
         Magic Dart        |    60 |       ||    60
         Vampiric Draining |     2 |     2 ||     4
    Use: Scroll            |     1 |       ||     1
 Armour: Robe              |    42 |     2 ||    44
  Dodge: Dodged            |    82 |     4 ||    86
  Block: Buckler           |    27 |     1 ||    28
